 Dungeon Crawl Stone Soup version 0.31-a0-202-g547052bce9 (webtiles) character file.

Game seed: 4639642190390434052

46 qw the Shooter (level 3, -1/20 HPs)
             Began as a Deep Elf Hunter on June 26, 2023.
             Slain by a gnoll
             ... wielding a +0 club
              (4 damage)
             ... on level 1 of the Dungeon.
             The game lasted 00:00:22 (767 turns).

qw the Shooter (Deep Elf Hunter)                     Turns: 767, Time: 00:00:23

Health: -1/20      AC:  5    Str: 10    XL:     3   Next: 44%
Magic:  5/5        EV: 11    Int: 13    God:
Gold:   87         SH:  0    Dex: 18    Spells: 2/2 levels left

rFire   . . .        Y - +0 shortbow
rCold   . . .        (shield currently unavailable)
rNeg    . . .        e - +0 ring mail
rPois   .            (no helmet)
rElec   .            (no cloak)
rCorr   .            (no gloves)
SInv    .            (no boots)
Will    .....        (no amulet)
Stlth   +            (no ring)
HPRegen 0.23/turn    (no ring)
MPRegen 0.09/turn

%: no passive effects
@: no status effects
A: no striking features
a: no special abilities


You were on level 1 of the Dungeon.
You visited 1 branch of the dungeon, and saw 2 of its levels.

You collected 87 gold pieces.


   Skills:
 - Level 1.5 Fighting
 + Level 7.0 Ranged Weapons
 - Level 2.4 Dodging
 - Level 1.2 Stealth


You had 2 spell levels left.
You didn't know any spells.
Your spell library was empty.

Inventory:

Hand Weapons
 Y - a +0 shortbow (weapon)
Armour
 e - a +0 ring mail (worn)
Potions
 h - a potion of curing

Dungeon Overview and Level Annotations

Branches:
Dungeon (2/15)

Altars:

Annotations:
D:2 Robin


Message History

There are monsters nearby!
You shoot an arrow. The arrow hits the ball python!
You kill the ball python!
Robin throws the goblin at you! The goblin closely misses you.
702 ||| STAIRDANCE The goblin hits you with a +0 dagger.
The goblin hits you with a +0 club.
You climb upwards.
There is a stone staircase leading down, spattered with blood here.
You shoot an arrow. The arrow barely misses the goblin.
The goblin hits you with a +0 club. The goblin hits you with a +0 dagger.
The goblin hits you with a +0 club. The goblin closely misses you.
You shoot an arrow. The arrow hits the goblin.
You kill the goblin!
The goblin closely misses you.
Your Ranged Weapons skill increases to level 7!
You shoot an arrow. The arrow hits the goblin!
You kill the goblin!
You start resting.
HP restored.
Done exploring.
(D) Dungeon
Where to? (* - list waypoints, Enter - D:2, ? - help)
What level of the Dungeon? (default 1, ? - help)
You climb downwards.
Level annotation: Robin The goblin hits you with a +0 club. x2; The gnoll hits you with a +0 club.
The goblin closely misses you. The goblin hits you with a +0 club.
The gnoll hits you but does no damage.
There is a stone staircase leading up, spattered with blood here.
764 ||| STAIRDANCE The goblin hits you with a +0 club.
The goblin hits you but does no damage. The gnoll completely misses you.
You climb upwards.
There is a stone staircase leading down, spattered with blood here.
You shoot an arrow. The arrow closely misses the gnoll.
The goblin hits you but does no damage. The gnoll hits you but does no damage.
The goblin hits you but does no damage.
You shoot an arrow. The arrow barely misses the gnoll.
The goblin hits you with a +0 club. The gnoll hits you with a +0 club.
You die...

#.#...[.# #.#...........#
#.#..##.# #.####..####..##
#.#..##.###.##...## #..##
#....##..##......# #..#.
###..###.##...##.# ##...
#####..###......##.# ###....
#..............###.###....##
#.........g)#...##..........
#.........g@)..........##.##
#...........g...............
#................#####.###.#
#.............#...# #.....#
######........##.)# ##.....
#...##...###.#####.##..
#...##.### #.##....##.#
##########...#..#
#....#####..
##########...#.##
#.#..#####.#


You could see a gnoll and 2 goblins.

Vanquished Creatures
  A gnoll (D:1)
  A dart slug (D:1)
  A bat (D:1)
  An endoplasm (D:1)
  3 giant cockroaches (D:1)
  4 goblins
  4 hobgoblins
  3 quokkas (D:1)
  5 ball pythons
  2 frilled lizards (D:1)
  2 kobolds (D:1)
  5 rats (D:1)
32 creatures vanquished.

Notes
Turn   | Place    | Note
-------+----------+-------------------------------------------
     0 | D:1      | qw the Deep Elf Hunter began the quest for the Orb.
     0 | D:1      | Reached XP level 1. HP: 12/12 MP: 3/3
     0 | D:1      | 0 ||| qw: Version: 0.3-a-22-g0ed2b0b
     0 | D:1      | 0 ||| qw: Game counter: 6178
     0 | D:1      | 0 ||| qw: Melee chars always use a shield: true
     0 | D:1      | 0 ||| qw: God list: Okawaru
     0 | D:1      | 0 ||| qw: Allow faded altars: false
     0 | D:1      | 0 ||| qw: Do Orc after clearing Dungeon:15 true
     0 | D:1      | 0 ||| qw: Do second Lair branch before Depths: true
     0 | D:1      | 0 ||| qw: Lair rune preference: random
     0 | D:1      | 0 ||| qw: Goals: Normal
     0 | D:1      | 0 ||| PLANNING D:1-11
   149 | D:1      | Reached skill level 6 in Ranged Weapons
   149 | D:1      | Reached XP level 2. HP: 16/16 MP: 4/4
   218 | D:1      | 218 ||| Stepping ~*~*~tactically~*~*~ (outnumbered).
   221 | D:1      | 221 ||| Stepping ~*~*~tactically~*~*~ (outnumbered).
   554 | D:1      | Reached XP level 3. HP: 20/20 MP: 5/5
   559 | D:1      | 559 ||| UPGRADING to +0 ring mail.
   569 | D:1      | 569 ||| DROPPING +0 leather armour.
   570 | D:1      | 570 ||| DROPPING amulet of magic regeneration.
   571 | D:1      | 571 ||| DROPPING ring of magical power.
   572 | D:1      | 572 ||| READING scroll labelled MUUNGI LIEHUJ.
   573 | D:1      | 573 ||| DRINKING 2 coppery potions.
   574 | D:1      | 574 ||| DROPPING scroll of butterflies.
   603 | D:2      | 603 ||| STAIRDANCE
   642 | D:2      | Noticed Robin
   645 | D:2      | 645 ||| STAIRDANCE
   702 | D:2      | 702 ||| STAIRDANCE
   706 | D:1      | Reached skill level 7 in Ranged Weapons
   764 | D:2      | 764 ||| STAIRDANCE
   764 | D:2      | HP: 5/20 [goblin/+0 club[Robin] (1)]
   767 | D:1      | Slain by a gnoll

Levels and vault maps discovered:
D:1:      evilmike_arrival_crescent, layout_rooms
D:2:      layout_rooms, basic_altar, amcnicky_mini_corridor_feature, uniq_robin

Skill      XL: |  1  2  3 |
---------------+----------+-----
Ranged Weapons | 6 7 |  7.0
Fighting       | |  1.5
Dodging        | |  2.4
Stealth        | |  1.2

Action                     || total
---------------------------++-------
   Fire: Shortbow          ||    85
    Use: Scroll            ||     1
         Potion            ||     1
 Armour: Leather armour    ||    11
         Ring mail         ||     7
  Dodge: Dodged            ||    26

Table legend:
 A = Non-vault XP
 B = Vault XP
 C = Vault XP percentage of total XP
 D = Non-vault monster count
 E = Vault monster count
 F = Vault count percentage of total count
                 A         B        C        D         E       F
            +---------+---------+-------+---------+---------+-------
      Total |      56 |      10 |  15.2 |      27 |       5 |  15.6
            +---------+---------+-------+---------+---------+-------
        D:1 |      55 |       6 |   9.8 |      26 |       3 |  10.3
        D:2 |       1 |       4 |  80.0 |       1 |       2 |  66.7
            +---------+---------+-------+---------+---------+-------
